 Dungeon Crawl Stone Soup version 0.26-a0-651-gb41185065b (webtiles) character file.

Game seed: 1979440987448629603

92 Azzok the Insei (level 4, -3/32 HPs)
             Began as a Demonspawn Transmuter on Oct 29, 2020.
             Slain by a gnoll
             ... wielding a +0 club
              (10 damage)
             ... on level 2 of the Dungeon.
             The game lasted 00:02:03 (3060 turns).

Azzok the Insei (Demonspawn Transmuter)             Turns: 3060, Time: 00:02:04

Health: -3/32      AC:  2    Str: 11    XL:     4   Next: 35%
Magic:  6/7        EV: 12    Int: 15    God:
Gold:   129        SH:  0    Dex: 13    Spells: 6/7 levels left

rFire    + . .     SeeInvis .     - Unarmed
rCold    . . .     Faith    .   (no shield)
rNeg     . . .     Spirit   .   a - +0 robe
rPois    .         Reflect  .   (helmet currently unavailable)
rElec    .         Harm     .   (no cloak)
rCorr    .         Rampage  .   (no gloves)
MR       .....                  (boots currently unavailable)
Stlth    +.........             (no amulet)
HPRegen  0.10/turn              (no ring)
MPRegen  0.10/turn              (no ring)

@: appendages
A: horns 2, talons 2, fire resistance 1
a: End Transformation


You were on level 2 of the Dungeon.
You had grown temporary horns.
You visited 1 branch of the dungeon, and saw 3 of its levels.

You collected 129 gold pieces.

Inventory:

Armour
 a - a +0 robe (worn)
 g - a +0 buckler
Scrolls
 b - a scroll of teleportation {unknown}
 d - a scroll of amnesia {unknown}
 e - a scroll of blinking {unknown}
 f - a scroll of identify {unknown}
 h - a scroll of remove curse {unknown}
 i - a scroll of enchant weapon {unknown}
Potions
 c - a potion of flight {unknown}
 j - a potion of mutation {unknown}
 k - 2 potions of might {unknown}


   Skills:
 - Level 1.0 Fighting
 - Level 1.7 Dodging
 + Level 1.0 Shields
 + Level 3.7 Unarmed Combat
 - Level 2.0 Spellcasting
 + Level 3.1 Transmutations


You had 6 spell levels left.
You knew the following spells:

 Your Spells              Type           Power        Failure   Level
a - Beastly Appendage     Tmut           ##....       6%          1

Your spell library contained the following spells:

 Spells                   Type           Power        Failure   Level
 Wereblood                Tmut           ##......     10%         2
 Spider Form              Tmut/Pois      #.........   34%         3
 Ice Form                 Ice/Tmut       #.......     75%         4
 Blade Hands              Tmut           ##........   86%         5


Dungeon Overview and Level Annotations

Branches:
Dungeon (3/15)

Altars:
Qazlal


Innate Abilities, Weirdness & Mutations

You have razor-sharp toenails.
Your flesh is heat resistant. (rF+)
You have a pair of horns on your head.


Message History

a +0 spear; a gnoll corpse
There is a stone staircase leading down here.
Your horns disappear.
Things that are here:
a +0 spear; a gnoll corpse
There is a stone staircase leading down here.
You climb downwards.
The gnoll closely misses you.
The gnoll hits you from afar with a +0 halberd.
* * * LOW HITPOINT WARNING * * *
There is a stone staircase leading up here.
The gnoll misses you.
The gnoll hits you from afar with a +0 halberd.
* * * LOW HITPOINT WARNING * * *
The gnoll closely misses you.
You climb upwards.
There is a stone staircase leading down here.
Casting: Beastly Appendage (safe; 6% risk of failure)
Confirm with . or Enter, or press ? or * to list all spells.
You grow a pair of large bovine horns.
The gnoll hits you with a +0 club!
You die...

▒·▒ ▒·▒ ▒·▒▒ ▒·▒· ▒·▒· ▒▒▒
▒··· ▒▒▒▒▒▒▒▒'▒▒▒▒▒▒▒▒▒▒▒▒
▒▒▒▒
▒···········g···▒···▒▒▒▒▒▒▒▒▒
▒···········@g···············
▒···············▒··)···▒▒▒▒▒·
▒·········<·····▒······▒ ▒▒
▒▒▒▒▒▒▒▒·▒·············▒ ▒
▒···············▒▒▒▒▒▒
▒·····················
▒···············▒▒▒▒▒▒
▒···············▒ ▒
▒▒··············▒ ▒


You could see 2 gnolls.

Vanquished Creatures
  A gnoll (D:2)
  An adder (D:2)
  2 oozes (D:1)
  A worm (D:2)
  3 dart slugs
  3 leopard geckos
  7 bats
  6 giant cockroaches
  10 goblins
  5 hobgoblins
  3 kobolds
  2 quokkas (D:2)
  2 frilled lizards (D:1)
  4 rats
50 creatures vanquished.

Notes
Turn   | Place    | Note
-------+----------+-------------------------------------------
     0 | D:1      | Azzok the Demonspawn Transmuter began the quest for the
                  | Orb.
     0 | D:1      | Reached XP level 1. HP: 15/15 MP: 3/3
   297 | D:1      | Gained mutation: Your flesh is heat resistant. (rF+)
                  | [demonic ancestry]
   297 | D:1      | Reached XP level 2. HP: 17/21 MP: 3/5
   964 | D:1      | Gained mutation: You have sharp toenails. [demonic
                  | ancestry]
   964 | D:1      | Reached XP level 3. HP: 22/26 MP: 6/6
  2451 | D:2      | Found a stormy altar of Qazlal.
  2460 | D:2      | Gained mutation: You have razor-sharp toenails. [demonic
                  | ancestry]
  2460 | D:2      | Reached XP level 4. HP: 22/32 MP: 5/7
  3044 | D:2      | Reached skill level 1 in Shields
  3060 | D:2      | Slain by a gnoll

Illustrated notes

Levels and vault maps discovered:
D:1:      dpeg_arrival_solitude, layout_loops_ring, minmay_domino_4
D:2:      layout_basic, lemuel_crystal_altar
D:3:      layout_loops_ring, overflow_temple_1_default,
          kennysheep_generic_room_15

Skill      XL: |  1  2  3  4 |
---------------+-------------+-----
Transmutations | 2 3 |  3.1
Unarmed Combat | 3 |  3.7
Shields        | 1 |  1.0
Fighting       | |  1.0
Dodging        | |  1.7
Spellcasting   | |  2.0

Action                   |  1- 3 |  4- 6 || total
-------------------------+-------+-------++-------
Melee: Unarmed           |   151 |    24 ||   175
       Kick              |    16 |     3 ||    19
       Headbutt          |     8 |     1 ||     9
       Punch             |     2 |       ||     2
 Cast: Beastly Appendage |     8 |     2 ||    10
Armor: Robe              |    34 |     3 ||    37
Dodge: Dodged            |   101 |    10 ||   111

Table legend: (Time is in decaauts)
 A = Elapsed time spent in this place.
 B = Non-inter-level travel time spent in this place.
 C = Inter-level travel time spent in this place.
 D = Time resting spent in this place.
 E = Time spent auto-exploring this place.
 F = Levels seen in this place.
 G = Mean time per level.
                   A        B        C        D        E       F      G
               +--------+--------+--------+--------+--------+-----+--------+
         Total |   3049 |   2973 |     76 |     90 |   2511 |   3 | 1016.3 |
       Dungeon |   3049 |   2973 |     76 |     90 |   2511 |   3 | 1016.3 |
               +--------+--------+--------+--------+--------+-----+--------+

Top non-repeatable levels by time:
     D:1: 1991 daAuts
     D:2: 1053 daAuts
     D:3: 4 daAuts
